 Dungeon Crawl Stone Soup version 0.21-a0-584-g185da8e (webtiles) character file.

440 Gerstahl the Skirmisher (level 6, -2/51 HPs)
             Began as a Demonspawn Skald on Dec 22, 2017.
             Killed from afar by Dowan (7 damage)
             ... with a shard of ice
             ... on level 4 of the Dungeon.
             The game lasted 00:10:12 (4827 turns).

Gerstahl the Skirmisher (Demonspawn Skald)          Turns: 4827, Time: 00:10:13

Health: -2/51      AC:  5    Str: 16    XL:     6   Next: 70%
Magic:  9/9        EV: 12    Int: 16    God:
Gold:   109        SH:  0    Dex: 13    Spells: 6/9 levels left

rFire    . . .     SeeInvis .   a - +0 falchion
rCold    . . .     Gourm    .   (no shield)
rNeg     . . .     Faith    .   z - +0 troll leather armour {Purgy}
rPois    .         Spirit   .   (helmet restricted)
rElec    .         Reflect  .   (no cloak)
rCorr    .         Harm     .   (no gloves)
MR       .....                  y - +0 pair of boots
Stlth    ++........             (no amulet)
HPRegen  0.57/turn              i - ring of stealth
MPRegen  0.11/turn              (no ring)

@: mighty
A: antennae 1, sturdy frame 3
a: no special abilities


You were on level 4 of the Dungeon.
You were hungry.

You visited 1 branch of the dungeon, and saw 4 of its levels.

You collected 109 gold pieces.

Inventory:

Hand Weapons
 a - a +0 falchion (weapon)
Armour
 b - a +0 leather armour
 f - a +0 ring mail
 t - a +0 chain mail of cold resistance
 y - a +0 pair of boots (worn)
 z - a +0 troll leather armour (worn) {Purgy}
Jewellery
 i - a ring of stealth (left hand)
 B - an uncursed ring of positive energy {unknown}
Scrolls
 e - 7 scrolls of identify {unknown}
 h - 2 scrolls of amnesia {unknown}
 j - 2 scrolls of teleportation {unknown}
 k - 2 scrolls of magic mapping {unknown}
 m - a scroll of fear {unknown}
 n - a scroll of immolation {unknown}
 p - a scroll of random uselessness {unknown}
 u - 2 scrolls of enchant armour {unknown}
 x - a scroll of fog {unknown}
Potions
 g - a potion of lignification {unknown}
 l - a potion of haste
 q - 2 potions of brilliance {unknown}
 r - a potion of ambrosia {unknown}
 s - 2 potions of berserk rage {unknown}
 v - a potion of magic {unknown}
 w - a potion of curing {unknown}
Books
 c - a book of Battle

   Spells                             Type                      Level
   a - Infusion                       Charms                       1
   b - Shroud of Golubria             Charms/Translocation         2
   c - Song of Slaying                Charms                       2
   d - Spectral Weapon                Hexes/Charms                 3
   e - Regeneration                   Charms/Necromancy            3
Comestibles
 d - 7 rations
 A - 4 chunks of flesh


   Skills:
 + Level 5.3 Fighting
 + Level 4.8 Long Blades
 - Level 0.8 Armour
 - Level 1.7 Dodging
 - Level 2.0 Spellcasting
 - Level 2.6 Charms


You had 6 spell levels left.
You knew the following spells:

 Your Spells              Type           Power        Failure   Level  Hunger
a - Infusion              Chrm           ##..         7%          1    #......
b - Song of Slaying       Chrm           ##......     11%         2    ###....


Dungeon Overview and Level Annotations

Branches:
Dungeon (4/15)
 Temple: D:4-7

Altars:
Fedhas
Kikubaaqudgha
Sif Muna
Yredelemnul

Annotations:
D:4 Dowan, Eustachio, Menkaure


Innate Abilities, Weirdness & Mutations

You have a pair of small antennae on your head.
Your movements are significantly less encumbered by armour. (ER -6)


Message History

You feel your dexterity returning.
Your Fighting skill increases to level 5!
Dowan gestures at you while chanting. The shard of ice hits you!
* * * LOW HITPOINT WARNING * * *
Found 18 poisoned needles.
Things that are here:
a short sword; a leather armour; a wand of digging (10) Eustachio mumbles some strange words.
Dowan hits you but does no damage. Dowan hits you but does no damage.
Dowan mumbles some strange words.
Dowan blinks!
You see here a whip.
Dowan casts a spell at you. The stone arrow misses you.
There is a stone staircase leading up here.
Dowan casts a spell at you. The shard of ice hits you!
You die...

###..#.......#.#.....##
.....e.[....>..#......#
.##...................#
.##.......######......#
...#..#.....)..#......#
##.#....#...##.########
##.##.####..##.########
##.##.....#.##.#......#
##.##.##..#.##.#@.)...#
#.....#.#.#.##.#......#
#...#..##.#.#...r.....#
#..(#.###.#.####.e....#
#.......#.#.#..@......#
#...#.......@.##......#
....#.....#.#.........#
..........#.##....<...#
.###..e##.#.##...######


You could see Eustachio, Dowan and a rat.

Vanquished Creatures
  Duvessa (D:4)
  Purgy (D:3)
  An ogre (D:4)
  Terence (D:3)
  5 adders
  3 worms
  A leopard gecko (D:2)
  4 orcs
  4 giant cockroaches
  8 goblins
  4 hobgoblins
  9 jackals
  10 kobolds
  6 ball pythons (D:2)
  10 bats
  5 frilled lizards
  7 rats
80 creatures vanquished.

Notes
Turn   | Place    | Note
-------+----------+-------------------------------------------
     0 | D:1      | Gerstahl the Demonspawn Skald began the quest for the Orb.
     0 | D:1      | Reached XP level 1. HP: 16/16 MP: 3/3
    92 | D:1      | Gained mutation: Your movements are slightly less encumbered by armour. (ER -2) [demonic ancestry]
    92 | D:1      | Reached XP level 2. HP: 14/23 MP: 5/5
  1293 | D:2      | Gained mutation: You have a pair of small antennae on your head. [demonic ancestry]
  1293 | D:2      | Reached XP level 3. HP: 23/28 MP: 2/6
  1397 | D:2      | Reached skill level 3 in Fighting
  1898 | D:2      | Gained mutation: Your movements are less encumbered by armour. (ER -4) [demonic ancestry]
  1898 | D:2      | Reached XP level 4. HP: 34/35 MP: 4/7
  1902 | D:2      | Learned a level 2 spell: Song of Slaying
  2207 | D:2      | Found a deep blue altar of Sif Muna.
  2207 | D:2      | Found a blossoming altar of Fedhas.
  2218 | D:2      | Found a basalt altar of Yredelemnul.
  2220 | D:2      | Found a faded altar of an unknown god.
  2221 | D:2      | Found an ancient bone altar of Kikubaaqudgha.
  3394 | D:3      | Noticed Terence
  3410 | D:3      | Killed Terence
  3410 | D:3      | Reached skill level 4 in Fighting
  3410 | D:3      | Gained mutation: Your movements are significantly less encumbered by armour. (ER -6) [demonic ancestry]
  3410 | D:3      | Reached XP level 5. HP: 13/42 MP: 6/8
  3781 | D:4      | Noticed Eustachio
  3781 | D:4      | Noticed Purgy
  3927 | D:4      | Noticed an ogre
  3928 | D:4      | Noticed Menkaure
  4294 | D:3      | Killed Purgy
  4508 | D:4      | Noticed Dowan
  4701 | D:4      | Killed an ogre
  4701 | D:4      | Reached XP level 6. HP: 50/50 MP: 2/9
  4777 | D:4      | Noticed Duvessa
  4818 | D:4      | Killed Duvessa
  4818 | D:4      | Reached skill level 5 in Fighting
  4819 | D:4      | HP: 1/51 [Dowan/shard of ice (18)]
  4827 | D:4      | Killed from afar by Dowan

Vault maps used:
D:1:      shiori_arrival_maze
D:2:      chequers_temple_overflow_minitemple, first_ration,
          minmay_snake_closets
D:3:      uniq_terence
D:4:      minmay_stone_trees_small, uniq_duvessa, uniq_eustachio, uniq_purgy,
          uniq_crazy_yiuf_cottage, uniq_natasha, uniq_menkaure

Skill      XL: |  1  2  3  4  5  6 |
---------------+-------------------+-----
Long Blades    | 2 3 4 |  4.8
Fighting       | 3 4 5 |  5.3
Armour         | |  0.8
Dodging        | |  1.7
Spellcasting   | |  2.0
Charms         | |  2.6

Action                   |  1- 3 |  4- 6 || total
-------------------------+-------+-------++-------
Melee: Falchion          |   116 |   171 ||   287
 Cast: Infusion          |     4 |     9 ||    13
  Use: Potion            |       |     3 ||     3
 Stab: Sleeping          |     3 |     1 ||     4
  Eat: Chunk             |     3 |     6 ||     9
       Ration            |       |     1 ||     1
Armor: Leather armour    |    51 |       ||    51
       Ring mail         |     5 |    67 ||    72
       Troll leather arm |       |    18 ||    18
Dodge: Dodged            |    94 |   124 ||   218
       Rpst.: Falchion   |    30 |    27 ||    57

Table legend:
 A = Spawn XP
 B = Non-spawn XP
 C = Spawn XP percentage of total XP
 D = Spawn monster count
 E = Non-spawn monster count
 F = Spawn count percentage of total count
 G = Total turns spent on level
                    A         B        C        D         E        F      G
               +---------+---------+-------+---------+---------+-------+---------
         Total |       0 |     629 |   0.0 |       0 |      80 |   0.0 |  4827
               +---------+---------+-------+---------+---------+-------+---------
           D:1 |       0 |      32 |   0.0 |       0 |      22 |   0.0 |  1086
           D:2 |       0 |     120 |   0.0 |       0 |      39 |   0.0 |  1934
           D:3 |       0 |     198 |   0.0 |       0 |      14 |   0.0 |  1441
           D:4 |       0 |     279 |   0.0 |       0 |       5 |   0.0 |   366
               +---------+---------+-------+---------+---------+-------+---------
